 Dungeon Crawl Stone Soup version 0.22.0-38-g04b72b8 (webtiles) character file.

1704724 iamserjio the Slayer (level 25, 181/181 HPs)
             Began as a Tengu Wanderer on Aug 28, 2018.
             Was the Champion of Okawaru.
             Escaped with the Orb
             ... and 3 runes!
             The game lasted 03:51:59 (61859 turns).

iamserjio the Slayer (Tengu Wanderer)              Turns: 61859, Time: 03:52:00

Health: 181/181    AC: 50    Str: 35    XL:     25   Next: 79%
Magic:  32/32      EV: 27    Int: 12    God:    Okawaru [******]
Gold:   2996       SH: 27    Dex: 24    Spells: 15/32 levels left

rFire    + + .     SeeInvis +   A - +9 double sword (freeze)
rCold    + . .     Gourm    .   i - +5 shield of Pan-Flutes {+Fly Str+3}
rNeg     + . .     Faith    .   Q - +20 crystal plate armour of Incorporation {rC+ Int-3 Stlth+}
rPois    .         Spirit   .   V - +2 hat {MR+}
rElec    +         Reflect  +   w - -2 cloak of the World {rElec rF+ Dex+3}
rCorr    +         Harm     .   m - +2 pair of gloves "Ropnemy" {rF- rN+ Str+8}
MR       ++++.     Rnd*Rage +   (boots unavailable)
Stlth    ..........             S - +6 amulet of reflection
HPRegen  0.40/turn              X - ring "Icunik" {rCorr rF+ MR+ Str+4}
MPRegen  0.23/turn              M - ring "Gopolel" {+Inv rF+ MR+ Str+5 SInv}

@: flying quickly and evasively, quick
A: beak, talons 3, berserk 1, mutation resistance 1, able to fly 2
0: Orb of Zot
}: 3/15 runes: serpentine, barnacled, slimy
a: Stop Flying, Heroism, Finesse, Renounce Religion, Evoke Invisibility


You escaped.
You worshipped Okawaru.
Okawaru was exalted by your worship.
You were not hungry.

You visited 10 branches of the dungeon, and saw 48 of its levels.
You also visited: Labyrinth, Ossuary and Volcano.

You collected 5560 gold pieces.
You spent 2564 gold pieces at shops.

Inventory:

Hand Weapons
 A - a +9 double sword of freezing (weapon)
Missiles
 O - 12 throwing nets (quivered) {!f}
Armour
 i - the +5 shield of Pan-Flutes (worn) {+Fly Str+3}
   (You found it on level 5 of the Pits of Slime)

   It affects your strength (+3).
   It lets you fly.
 j - the +0 hat "Goze" {rC++ Str+6}
   (Okawaru gifted it to you on level 15 of the Dungeon)

   It affects your strength (+6).
   It greatly protects you from cold.
 m - the +2 pair of gloves "Ropnemy" (worn) {rF- rN+ Str+8}
   (Okawaru gifted it to you on level 2 of the Depths)

   It affects your strength (+8).
   It makes you vulnerable to fire.
   It protects you from negative energy.
 u - the +0 cloak of the Jabberwock {MR+ Str+4}
   (You bought it in a shop on level 2 of the Snake Pit)

   It affects your strength (+4).
   It affects your resistance to hostile enchantments.
 w - the -2 cloak of the World (worn) {rElec rF+ Dex+3}
   (You found it on level 9 of the Dungeon)

   It affects your dexterity (+3).
   It protects you from fire.
   It insulates you from electricity.
 J - the +3 faerie dragon scales {rElec rCorr}
   (You took it off the Enchantress on level 4 of the Depths)

   It insulates you from electricity.
   It provides partial protection from all sources of acid and corrosion.
 K - a scarf of repulsion
 Q - the +20 crystal plate armour of Incorporation (worn) {rC+ Int-3 Stlth+}
   (Okawaru gifted it to you on level 2 of the Depths)

   It affects your intelligence (-3).
   It protects you from cold.
   It makes you more stealthy.
 V - a +2 hat of magic resistance (worn)
Jewellery
 d - an uncursed ring of protection from fire
 r - the ring "Akkap" {rF+ rC+ Int-2 SInv Stlth+}
   (You found it on level 2 of the Snake Pit)

   [ring of protection from cold]

   It affects your intelligence (-2).
   It protects you from fire.
   It protects you from cold.
   It lets you see invisible.
   It makes you more stealthy.
 t - an uncursed ring of poison resistance
 v - an uncursed amulet of regeneration
 M - the ring "Gopolel" (right hand) {+Inv rF+ MR+ Str+5 SInv}
   (You acquired it on level 1 of the Realm of Zot)

   [ring of protection from magic]

   It affects your strength (+5).
   It protects you from fire.
   It affects your resistance to hostile enchantments.
   It lets you see invisible.
   It lets you turn invisible.
 P - a cursed amulet of guardian spirit
 S - a +6 amulet of reflection (around neck)
 X - the ring "Icunik" (left hand) {rCorr rF+ MR+ Str+4}
   (You bought it in a shop on level 7 of the Dungeon)

   [ring of resist corrosion]

   It affects your strength (+4).
   It protects you from fire.
   It affects your resistance to hostile enchantments.
Wands
 b - a wand of scattershot (13)
 l - a wand of digging (32)
 s - a wand of acid (23)
 E - a wand of iceblast (33)
Scrolls
 e - 2 scrolls of holy word
 g - 5 scrolls of blinking
 k - 18 scrolls of remove curse {@r2}
 o - 9 scrolls of fear
 y - 5 scrolls of enchant armour
 B - 3 scrolls of immolation
 G - 17 scrolls of teleportation
 T - 4 scrolls of summoning
 U - 4 scrolls of silence
 W - 2 scrolls of magic mapping
 Y - 5 scrolls of fog
Potions
 a - 4 potions of invisibility
 h - 2 potions of might
 n - 6 potions of agility
 p - 2 potions of cancellation
 q - 2 potions of haste
 z - 5 potions of mutation
 C - 2 potions of resistance
 D - 3 potions of brilliance
 I - 5 potions of heal wounds
 L - 6 potions of magic
 N - 14 potions of curing {@q1}
 Z - 2 potions of ambrosia
Miscellaneous
 c - a phial of floods
 x - a box of beasts
 F - a lightning rod (4/4)
 H - a fan of gales
 R - a lamp of fire
Comestibles
 f - 30 rations


   Skills:
 * Level 25.1 Fighting
   Level 2.2(10.9) Short Blades
 - Level 15.9(16.0) Long Blades
 + Level 17.8 Armour
 + Level 19.5 Dodging
 - Level 1.0 Stealth
 - Level 15.0 Shields
 - Level 4.1 Spellcasting
 - Level 2.0 Charms
 - Level 2.4 Summonings
 - Level 7.0 Necromancy
   Level 2.0 Poison Magic
 - Level 8.0 Invocations
 + Level 11.0 Evocations


You had 15 spell levels left.
You knew the following spells:

 Your Spells              Type           Power        Failure   Level  Hunger
a - Pain                  Necr           ###.         11%         1    #......
b - Animate Skeleton      Necr           N/A          11%         1    #......
c - Regeneration          Chrm/Necr      ##........   65%         3    ###....
d - Vampiric Draining     Necr           ###.......   32%         3    ###....
e - Animate Dead          Necr           N/A          71%         4    #####..
f - Swiftness             Chrm/Air       #.......     88%         2    ##.....
g - Summon Butterflies    Summ           #.......     56%         1    #......
h - Blink                 Tloc           N/A          96%         2    ##.....

Your spell library contained the following spells:

 Spells                   Type           Power        Failure   Level  Hunger
 Summon Small Mammal      Summ           #...         56%         1    #......
 Infusion                 Chrm           #...         63%         1    #......
 Call Imp                 Summ           #.......     71%         2    ##.....
 Sting                    Conj/Pois      #...         77%         1    #......
 Song of Slaying          Chrm           #.......     77%         2    ##.....
 Apportation              Tloc           #.....       88%         1    #......
 Beastly Appendage        Tmut           #.....       88%         1    #......
 Confusing Touch          Hex            #.....       88%         1    #......
 Corona                   Hex            #......      88%         1    #......
 Flame Tongue             Conj/Fire      #....        88%         1    #......
 Magic Dart               Conj           #...         88%         1    #......
 Sandblast                Erth           #.....       88%         1    #......
 Shock                    Conj/Air       #...         88%         1    #......
 Poisonous Vapours        Pois/Air       #.....       88%         2    ##.....
 Shroud of Golubria       Chrm/Tloc      #.........   88%         2    ##.....
 Call Canine Familiar     Summ           #.......     91%         3    ###....
 Passwall                 Tmut/Erth      #.......     96%         2    ##.....
 Searing Ray              Conj           #.....       96%         2    ##.....
 Slow                     Hex            #.......     96%         2    ##.....
 Sticks to Snakes         Tmut           #.......     96%         2    ##.....
 Throw Flame              Conj/Fire      #.....       96%         2    ##.....
 Recall                   Summ/Tloc      N/A          98%         3    ###....
 Spectral Weapon          Hex/Chrm       #.......     98%         3    ###....
 Spider Form              Tmut/Pois      #.........   98%         3    ###....
 Summon Guardian Golem    Hex/Summ       #.......     98%         3    ###....
 Confuse                  Hex            #.......     99%         3    ###....
 Conjure Flame            Conj/Fire      #.......     99%         3    ###....
 Dazzling Spray           Conj/Hex       #.....       99%         3    ###....
 Gell's Gravitas          Tloc           #.........   99%         3    ###....
 Inner Flame              Hex/Fire       #.......     99%         3    ###....
 Lesser Beckoning         Tloc           #.........   99%         3    ###....
 Mephitic Cloud           Conj/Pois/Air  #.......     99%         3    ###....
 Portal Projectile        Hex/Tloc       #.....       99%         3    ###....
 Static Discharge         Conj/Air       #.......     99%         3    ###....
 Stone Arrow              Conj/Erth      #.....       99%         3    ###....
 Tukima's Dance           Hex            #.......     99%         3    ###....
 Airstrike                Air            #.........   100%        4    #####..
 Cause Fear               Hex            #.........   100%        4    #####..
 Ice Form                 Ice/Tmut       #.......     100%        4    #####..
 Leda's Liquefaction      Hex/Erth       #.........   100%        4    #####..
 Petrify                  Tmut/Erth      #.......     100%        4    #####..
 Sticky Flame             Conj/Fire      #.......     100%        4    #####..
 Summon Ice Beast         Ice/Summ       #.......     100%        4    #####..
 Summon Lightning Spire   Summ/Air       #.......     100%        4    #####..
 Alistair's Intoxication  Tmut/Pois      #.......     100%        5    ######.
 Aura of Abjuration       Summ           #.........   100%        5    ######.
 Blade Hands              Tmut           #.........   100%        5    ######.
 Bolt of Magma            Conj/Fire/Erth #.........   100%        5    ######.
 Fireball                 Conj/Fire      #.........   100%        5    ######.
 Irradiate                Conj/Tmut      #.........   100%        5    ######.
 Iskenderun's Battlesphe  Conj/Chrm      #.......     100%        5    ######.
 Lee's Rapid Deconstruct  Erth           #.........   100%        5    ######.
 Lightning Bolt           Conj/Air       #.........   100%        5    ######.
 Metabolic Englaciation   Hex/Ice        #.........   100%        5    ######.
 Silence                  Hex/Air        #.........   100%        5    ######.
 Summon Demon             Summ           #.........   100%        5    ######.
 Summon Forest            Summ/Tloc      #.........   100%        5    ######.
 Summon Mana Viper        Hex/Summ       #.......     100%        5    ######.
 Venom Bolt               Conj/Pois      #.........   100%        5    ######.
 Yara's Violent Unravell  Hex/Tmut       #.........   100%        5    ######.
 Bolt of Fire             Conj/Fire      #.........   100%        6    #######
 Deflect Missiles         Chrm/Air       #.........   100%        6    #######
 Freezing Cloud           Conj/Ice/Air   #.........   100%        6    #######
 Hydra Form               Tmut           #.........   100%        6    #######
 Invisibility             Hex            #.......     100%        6    #######
 Iron Shot                Conj/Erth      #.........   100%        6    #######
 Shadow Creatures         Summ           N/A          100%        6    #######
 Statue Form              Tmut/Erth      #........    100%        6    #######
 Dragon Form              Tmut           #.........   100%        7    #######
 Orb of Destruction       Conj           #.........   100%        7    #######
 Ring of Flames           Chrm/Fire      #.........   100%        7    #######
 Spellforged Servitor     Conj/Summ      #.........   100%        7    #######
 Discord                  Hex            #.........   100%        8    #######
 Disjunction              Tloc           #.........   100%        8    #######
 Ignition                 Fire           #.........   100%        8    #######
 Dragon's Call            Summ           #.........   100%        9    #######
 Shatter                  Erth           #.........   100%        9    #######
 Tornado                  Air            #.........   100%        9    #######


Dungeon Overview and Level Annotations

Branches:
Dungeon (15/15)            Temple (1/1) D:4            Lair (6/6) D:8
 Shoals (4/4) Lair:3        Snake (4/4) Lair:2        Slime (5/5) Lair:6
    Orc (2/2) D:10            Elf (1/3) Orc:2        Vaults (0/5) D:13
 Depths (5/5) D:15            Zot (5/5) Depths:5

Altars:
Ashenzari
Cheibriados
Dithmenos
Elyvilon
Fedhas
Gozag
Hepliaklqana
Kikubaaqudgha
Makhleb
Nemelex Xobeh
Okawaru
Qazlal
Ru
Sif Muna
Trog
Uskayaw
Vehumet
Wu Jian
Xom
Yredelemnul
Zin
The Shining One
Beogh

Shops:
D:7 *   Orc:1 (?   Orc:2 ([:*   Elf:1 :   Shoals:4 =   Snake:2 [   Depths:4 [

Portals:
Hell: Depths:1 Depths:2 Depths:3 Depths:4 Depths:5
Abyss: Depths:1 Depths:2 Depths:4
Pandemonium: Depths:3
Ziggurat: Depths:3
Trove: Elf:1 (give 5 scrolls of blinking)

Annotations:
D:1 1 exclusion
D:10 3 runed doors, Lew's ghost, journeyman GrFi
Snake:3 exclusion: downstairs
Depths:2 1 exclusion
Depths:4 3 runed doors, Gucsao's ghost, veteran GrGl
Zot:5 1 runed door, exclusion: obsidian statue, HaroldButt's ghost, legendary DDFi


Innate Abilities, Weirdness & Mutations

You have a beak for a mouth.
You have claws for feet.
You can fly continuously.
You tend to lose your temper in combat.
You are somewhat resistant to further mutation.


Message History

A quasit comes into view.
You slash the quasit! You freeze the quasit.
You kill the quasit!
Okawaru accepts your kill.
No target in view!
No target in view!
No target in view!
There is a stone staircase leading up, spattered with blood here.
You fly upwards.
There is a stone staircase leading down here.
(D) Dungeon (T) Temple (L) Lair (A) Shoals (P) Snake Pit (M) Slime Pits (O) Orcish Mines (E) Elven Halls (V) Vaults (U) Depths (H) Hell (Z) Zot
Where to? (Enter - D:1, ? - help)
There is a stone staircase leading up here.
You fly upwards.
Level annotation: 1 exclusion
There is a stone staircase leading down here.
There is a staircase leading out of the dungeon here.
You have escaped!

##.#.#.#.####.##########.
#.##.##.# #.# ##
#.############ #
#.....##..### #
############.....#### ##
#.........##........## ####.
#.##...##.##.........####....
#.##.#....#....##.....##...##
#.##...#..#.@.#####.......##.
#.........#...### ###...##...
#####.##..##....###.........#
#......##...##.....######
####....###.....#######.#
#......#########.#....
###.#####........#.### #.#
##'#######.#.. #.# ##...##
#.#.#


There were no monsters in sight!

Vanquished Creatures
  the Royal Jelly (Slime:5)
  2 orbs of fire (Zot:5)
  3 juggernauts
  4 ancient liches (Zot:5)
  2 caustic shrikes
  2 Killer Klowns (Zot:5)
  4 golden dragons
  A curse toe (Zot:3)
  the Enchantress (Depths:4)
  Nikola (Depths:2)
  4 liches
  4 electric golems
  5 tentacled monstrosities
  21 Orb Guardians (Zot:5)
  A titan (Depths:2)
  A quicksilver dragon (Zot:3)
  An Executioner (Depths:5)
  19 acid blobs
  5 shadow dragons
  Polyphemus (Shoals:4)
  Kirke (Shoals:4)
  Agnes (Snake:1)
  3 draconian monks (Depths:5)
  A tengu reaver (Depths:4)
  10 storm dragons
  9 nagarajas
  2 draconian knights
  9 azure jellies
  4 fire giants
  2 draconian scorchers
  3 ghost moths
  An iron dragon (Depths:4)
  2 orc warlords (Orc:2)
  3 draconian stormcallers
  An angel (Zot:5)
  6 frost giants
  2 draconian shifters
  A reaper (D:13)
  12 stone giants
  5 spriggan defenders
  4 draconian annihilators
  25 very ugly things
  13 green draconians
  2 vampire knights
  2 deep elf demonologists (Elf:1)
  6 black draconians
  A deep elf annihilator (Elf:1)
  9 spark wasps
  A minotaur (Lab)
  8 red draconians
  2 purple draconians (Depths:5)
  9 white draconians
  5 yellow draconians
  3 merfolk javelineers
  5 ettins
  The ghost of leisz the Fighter, a journeyman DsAK of Lugonu (Orc:1)
  A blizzard demon (D:11)
  7 death oozes
  A green death (D:10)
  7 great orbs of eyes
  7 fire dragons
  Josephine (D:12)
  A deep elf high priest (Elf:1)
  6 yaktaur captains
  8 merfolk impalers
  A great orb of eyes (shapeshifter) (Depths:2)
  7 ice dragons
  7 hydras
  A vault guard (D:13)
  6 rakshasas
  4 spriggan air magi
  3 catoblepae
  A caustic shrike simulacrum (Depths:4)
  3 merfolk avatars
  4 centaur warriors
  7 ogre magi
  8 anacondas
  An anaconda (shapeshifter) (Depths:2)
  14 naga warriors
  32 two-headed ogres
  The ghost of Terandir the Carver, a novice MiFi of Cheibriados (D:9)
  5 dancing weapons (Elf:1)
  4 merfolk aquamancers (Shoals:4)
  A satyr (Shoals:4)
  2 vampire magi
  14 death yaks
  5 tengu warriors
  2 hell hogs (Depths:4)
  Urug (Lair:3)
  Nergalle (Lair:3)
  7 spriggan berserkers
  5 orc high priests
  11 deep troll earth magi
  7 deep troll shamans
  13 naga sharpshooters
  7 shock serpents
  2 sun demons
  5 deep elf knights (Elf:1)
  3 skeletal warriors (D:12)
  An iron troll (Depths:2)
  7 hell knights
  2 titan skeletons
  3 salamander mystics
  3 unseen horrors
  An unseen horror (shapeshifter) (Depths:3)
  16 deep trolls
  3 flayed ghosts
  2 glowing orange brains
  8 sea snakes
  A wizard (Depths:2)
  6 naga ritualists
  A golden dragon skeleton (Depths:3)
  5 deep elf archers (Elf:1)
  3 orc knights
  6 lindwurms
  18 harpies
  2 phantasmal warriors
  4 necromancers
  9 mana vipers
  2 sphinx zombies (Depths:4)
  A wolf spider zombie (D:15)
  13 manticores
  A wolf spider (D:15)
  A harpy (shapeshifter) (Depths:2)
  22 deep elf magi (Elf:1)
  6 shining eyes
  45 ugly things
  7 fauns
  62 slime creatures
  2 oklob plants (Lair:3)
  A fire giant zombie (Depths:3)
  8 orc sorcerers
  7 elephants
  A guardian serpent (shapeshifter) (Depths:2)
  15 salamanders
  13 cyclopes
  A manticore (shapeshifter) (Depths:1)
  Maurice (D:13)
  8 merfolk sirens
  15 moths of wrath
  A toenail golem (Depths:4)
  30 black mambas
  A spriggan zombie (Depths:3)
  2 gargoyles
  An eye of devastation (Slime:5)
  A storm dragon simulacrum (Depths:4)
  A smoke demon (D:15)
  4 water nymphs
  4 guardian serpents
  27 naga magi
  12 spiny frogs
  A spriggan skeleton (Depths:3)
  5 komodo dragons
  13 yaktaurs
  A spark wasp simulacrum (Depths:3)
  A kobold demonologist (D:11)
  A freezing wraith (D:11)
  A yaktaur (shapeshifter) (Depths:4)
  A queen bee (Lair:4)
  6 trolls
  11 wind drakes
  7 tengu conjurers
  2 jumping spiders (shapeshifter) (Depths:2)
  A troll (shapeshifter) (Depths:2)
  28 merfolk
  3 meliai (Lair:4)
  A meliai (shapeshifter) (Depths:2)
  6 blink frogs
  7 dream sheep (Lair:3)
  8 snapping turtles
  15 hippogriffs
  A meliai zombie (D:14)
  A shadow (D:13)
  A vampire (D:13)
  3 wraiths (D:12)
  A spriggan (shapeshifter) (Depths:2)
  22 water elementals
  3 wyverns
  Sigmund (D:2)
  An air elemental (Elf:1)
  27 yaks
  3 basilisks
  5 hogs (Shoals:4)
  A human (shapeshifter) (D:14)
  A golden eye (shapeshifter) (Depths:2)
  5 golden eyes
  A basilisk (shapeshifter) (Depths:2)
  4 hungry ghosts
  3 steam dragons
  7 vampire mosquitoes (D:14)
  A neqoxec (D:10)
  A swamp worm (shapeshifter) (Depths:2)
  5 wargs
  A soldier ant (D:13)
  45 nagas
  Duvessa (D:7)
  5 acid dragons
  9 hell hounds (Depths:4)
  9 porcupines
  A floating eye (Depths:2)
  36 orc warriors
  12 water moccasins
  5 swamp drakes
  9 sky beasts
  3 black bears
  2 eyes of draining (shapeshifter)
  3 ice beasts
  4 necrophages
  4 phantoms
  26 ogres
  9 wolves
  4 eyes of draining
  13 centaurs
  12 crocodiles
  19 bullfrogs
  5 elf zombies (Ossuary)
  A big kobold (D:14)
  2 earth elementals (Elf:1)
  3 wyvern skeletons
  Dowan (D:7)
  3 scorpions
  30 killer bees (Lair:4)
  9 wights
  An electric eel (Lair:3)
  2 bullfrog zombies
  7 howler monkeys
  8 crimson imps
  10 centaur zombies
  2 quasits
  7 centaur skeletons
  3 bullfrog skeletons
  A human zombie (Ossuary)
  28 orc priests
  5 hounds
  5 jellies
  22 orc wizards
  7 hell rats
  Terence (D:2)
  6 iguanas
  9 worker ants
  2 hound zombies (D:6)
  3 hound skeletons
  3 mummies (Ossuary)
  2 worker ant zombies
  A howler monkey skeleton (D:5)
  16 adders
  8 shadow imps
  5 oozes (D:9)
  2 adder zombies
  An adder skeleton (D:7)
  A worm (D:2)
  A dart slug (D:3)
  7 leopard geckos
  122 orcs
  2 ball pythons (D:5)
  7 bats
  4 giant cockroaches
  7 hobgoblins
  23 jackals
  4 quokkas
  A quokka (shapeshifter) (Depths:4)
  5 frilled lizards
  5 goblins
  A jackal zombie (D:7)
  11 kobolds
  A leopard gecko zombie (D:6)
  8 rats
  A fungus (Orc:2)
  2 plants (Shoals:3)
1791 creatures vanquished.

Vanquished Creatures (collateral kills)
  An Orb Guardian (Zot:5)
  A fire giant (Depths:4)
  2 frost giants (Depths:4)
  A very ugly thing (Depths:4)
  A fire dragon (Depths:5)
  A catoblepas (Lair:6)
  A naga warrior (Snake:2)
  A centaur warrior (Depths:2)
  A two-headed ogre (Depths:1)
  A deep troll earth mage (Depths:2)
  A spriggan berserker (Depths:4)
  2 slime creatures
  A flayed ghost (Depths:4)
  A death drake (Depths:5)
  A hell knight (Depths:5)
  A deep troll (Depths:2)
  2 salamanders
  2 ugly things (Depths:2)
  2 mana vipers (Snake:2)
  A manticore (Lair:6)
  A torpor snail (Lair:6)
  A water nymph (shapeshifter) (Depths:2)
  An elephant (Lair:4)
  3 black mambas
  2 naga magi (Snake:4)
  A spiny frog (shapeshifter) (Depths:2)
  A yaktaur (shapeshifter) (Depths:2)
  A komodo dragon (Lair:6)
  A polar bear (shapeshifter) (Depths:2)
  2 dream sheep (Lair:6)
  5 yaks (Lair:6)
  A basilisk (Lair:6)
  A naga (Snake:2)
  An acid dragon (shapeshifter) (Depths:2)
  An orc warrior (Orc:2)
  2 water moccasins
  A porcupine (Lair:3)
  A swamp drake (Depths:5)
  A crocodile (Lair:3)
  An orc wizard (D:9)
  A mummy (D:6)
  A shadow imp (D:8)
  A jackal (D:6)
  A kobold (D:1)
  2 fungi
  4 plants
64 creatures vanquished.

Vanquished Creatures (others)
  A fire giant (Depths:4)
  A stone giant (Depths:3)
  A vampire knight (Depths:3)
  2 merfolk javelineers
  A yaktaur captain (Depths:4)
  4 centaur warriors
  2 satyrs (Shoals:4)
  A deep troll shaman (Depths:2)
  2 naga sharpshooters
  A deep troll (D:15)
  A deep elf archer (Elf:1)
  2 salamanders
  A naga mage (Snake:4)
  3 yaktaurs
  2 humans (Shoals:4)
  An acid dragon (Lair:5)
  2 centaurs
  4 orcs (Elf:1)
  19 fungi
  2 plants (Lair:6)
53 creatures vanquished.

Grand Total: 1908 creatures vanquished

Notes
Turn   | Place    | Note
-------+----------+-------------------------------------------
     0 | D:1      | iamserjio the Tengu Wanderer began the quest for the Orb.
     0 | D:1      | iamserjio set off with: a +0 robe, a +0 dagger, a ration
     0 | D:1      | Reached XP level 1. HP: 10/10 MP: 4/4
     3 | D:1      | Learned a level 1 spell: Pain
    69 | D:1      | Learned a level 1 spell: Animate Skeleton
   211 | D:1      | Reached skill level 1 in Fighting
   368 | D:1      | Reached XP level 2. HP: 13/16 MP: 0/6
  1551 | D:2      | Noticed Sigmund
  1786 | D:1      | Reached skill level 2 in Fighting
  2151 | D:1      | Reached XP level 3. HP: 18/21 MP: 4/7
  2524 | D:2      | Found a snail-covered altar of Cheibriados.
  2743 | D:2      | Reached skill level 1 in Short Blades
  3017 | D:3      | Reached XP level 4. HP: 22/26 MP: 4/8
  4376 | D:3      | Learned a level 3 spell: Regeneration
  4441 | D:4      | Reached skill level 1 in Dodging
  4441 | D:4      | Gained mutation: You can fly. [Tengu growth]
  4441 | D:4      | Reached XP level 5. HP: 20/31 MP: 0/9
  4758 | D:4      | Found a staircase to the Ecumenical Temple.
  4773 | D:4      | Noticed an ogre
  4781 | Temple   | Entered the Ecumenical Temple
  4896 | Temple   | Became a worshipper of Warmaster Okawaru
  4947 | D:4      | Noticed a phantom
  5021 | D:4      | Killed a phantom
  5021 | D:4      | Reached skill level 3 in Fighting
  5021 | D:4      | Reached XP level 6. HP: 16/37 MP: 10/10
  5781 | D:4      | Reached skill level 4 in Fighting
  5951 | D:4      | Found a radiant altar of Vehumet.
  5951 | D:4      | Found a glowing silver altar of Zin.
  6202 | D:2      | Noticed Terence
  6244 | D:2      | Killed Terence
  6427 | D:2      | Found a white marble altar of Elyvilon.
  6633 | D:2      | Killed Sigmund
  6633 | D:2      | Reached * piety under Okawaru
  6633 | D:2      | Reached XP level 7. HP: 40/43 MP: 11/11
  6821 | D:5      | Entered Level 5 of the Dungeon
  6863 | D:5      | Reached skill level 5 in Dodging
  7035 | D:5      | Reached skill level 1 in Invocations
  7231 | D:5      | Found a shimmering altar of Xom.
  7231 | D:5      | Found a glowing golden altar of the Shining One.
  7231 | D:5      | Found a bloodstained altar of Trog.
  7232 | D:5      | Found an ornate altar of the Wu Jian Council.
  7868 | D:6      | Got a crystal long sword
  7908 | D:6      | Identified the +4 long sword "Puresm" {speed, rPois rF+ Str+4 Int-4} (You found it on level 6 of the Dungeon)
  7931 | D:6      | Noticed a fire elemental
  7933 | D:6      | Found a stormy altar of Qazlal.
  7934 | D:6      | Noticed an air elemental
  7934 | D:6      | Noticed a water elemental
  7967 | D:6      | Reached skill level 1 in Long Blades
  7967 | D:6      | Reached XP level 8. HP: 38/48 MP: 12/12
  7991 | D:6      | Reached ** piety under Okawaru
  7991 | D:6      | Reached skill level 5 in Fighting
  8066 | D:6      | Found a sand-covered staircase.
  8079 | Ossuary  | Entered an ossuary
  8189 | Ossuary  | Reached skill level 6 in Fighting
  8614 | D:6      | Reached XP level 9. HP: 55/56 MP: 11/13
  8633 | D:6      | Found an opulent altar of Gozag.
  8691 | D:6      | Reached skill level 7 in Fighting
  8924 | D:7      | Noticed Duvessa
  8924 | D:7      | Noticed Dowan
  8930 | D:7      | Killed Duvessa
  8935 | D:7      | Killed Dowan
  9264 | D:7      | Found a basalt altar of Yredelemnul.
  9288 | D:7      | Reached *** piety under Okawaru
  9810 | D:7      | Reached skill level 8 in Fighting
 10060 | D:7      | Found Ilol's Assorted Antiques.
 10063 | D:7      | Bought a green potion for 23 gold pieces
 10063 | D:7      | Bought a scroll labeled COYRIO DAGG for 26 gold pieces
 10063 | D:7      | Bought a clouded marble ring for 130 gold pieces
 10063 | D:7      | Identified the ring "Icunik" {rCorr rF+ MR+ Str+4} (You bought it in a shop on level 7 of the Dungeon)
 10632 | D:8      | Found a shattered altar of Ashenzari.
 10922 | D:8      | Found a staircase to the Lair.
 11205 | D:9      | Found a deep blue altar of Sif Muna.
 11234 | D:9      | Identified Sif Muna's Incunabulum of Aid
 11276 | D:9      | Reached XP level 10. HP: 64/64 MP: 17/17
 11375 | D:9      | Reached skill level 5 in Long Blades
 11381 | D:9      | Reached **** piety under Okawaru
 11701 | D:9      | Found a runed gate.
 11703 | D:9      | Noticed Terandir's ghost (novice MiFi)
 11710 | D:9      | Found a runed gate.
 11711 | D:9      | Found a runed gate.
 11711 | D:9      | Found a roughly hewn altar of Beogh.
 12384 | D:9      | Learned a level 3 spell: Vampiric Draining
 12389 | D:9      | Learned a level 4 spell: Animate Dead
 12392 | D:9      | Learned a level 2 spell: Swiftness
 12393 | D:10     | Entered Level 10 of the Dungeon
 12464 | D:10     | Reached skill level 1 in Armour
 13220 | D:10     | Found a staircase to the Orcish Mines.
 13285 | D:10     | Reached skill level 5 in Necromancy
 13340 | D:10     | Noticed a two-headed ogre
 13354 | D:10     | Killed a two-headed ogre
 13445 | D:10     | Found a runed gate.
 13447 | D:10     | Found a runed gate.
 13448 | D:10     | Found a runed gate.
 13448 | D:10     | Noticed a spectral centaur warrior
 13549 | D:10     | Noticed Lew's ghost (journeyman GrFi)
 13659 | D:11     | Reached skill level 9 in Fighting
 13755 | D:11     | Reached XP level 11. HP: 67/71 MP: 14/18
 13794 | D:11     | Reached ***** piety under Okawaru
 13795 | D:11     | Noticed a manticore
 13807 | D:11     | Killed a manticore
 13807 | D:11     | Reached skill level 10 in Fighting
 13807 | D:11     | Reached skill level 5 in Armour
 13834 | D:11     | Noticed a manticore
 13845 | D:11     | Killed a manticore
 13946 | D:11     | Noticed a manticore
 13953 | D:11     | Killed a manticore
 14119 | D:11     | Noticed a cyclops
 14120 | D:11     | Noticed a two-headed ogre
 14126 | D:11     | Killed a cyclops
 14150 | D:11     | Killed an unseen horror
 14150 | D:11     | Reached skill level 11 in Fighting
 14154 | D:11     | Killed a two-headed ogre
 14172 | D:11     | Found the +6 lightning scales {run, rElec}
 14328 | D:11     | Identified the Catalogue of Confrontation
 14393 | D:11     | Noticed a two-headed ogre
 14403 | D:11     | Killed a two-headed ogre
 14403 | D:11     | Received a gift from Okawaru
 14908 | D:11     | Reached skill level 12 in Fighting
 15066 | D:11     | Got a faintly glowing robe
 15096 | D:11     | Reached XP level 12. HP: 81/81 MP: 19/19
 15486 | D:12     | Noticed Josephine
 15761 | D:12     | Killed Josephine
 15937 | D:12     | Reached skill level 10 in Armour
 16344 | Lair:1   | Entered Level 1 of the Lair of Beasts
 16451 | Lair:1   | Noticed a five-headed hydra
 16762 | Lair:1   | Found a dark tunnel.
 16871 | Volcano  | Entered a volcano
 16888 | Volcano  | Noticed a two-headed ogre
 16888 | Volcano  | Noticed a two-headed ogre
 16888 | Volcano  | Noticed an ogre mage
 16894 | Volcano  | Killed a two-headed ogre
 16901 | Volcano  | Killed an ogre mage
 16903 | Volcano  | Killed a two-headed ogre
 16925 | Volcano  | Noticed a red draconian
 16942 | Volcano  | Killed a red draconian
 16942 | Volcano  | Reached skill level 10 in Dodging
 16983 | Volcano  | Noticed a two-headed ogre
 16992 | Volcano  | Killed a two-headed ogre
 17015 | Volcano  | Noticed a two-headed ogre
 17027 | Volcano  | Killed a two-headed ogre
 17027 | Volcano  | Received a gift from Okawaru
 17064 | Volcano  | Identified the +0 robe of the Wasteland {*Corrode +Blink rC+++} (You found it on level 11 of the Dungeon)
 17121 | Volcano  | Got an ancient triple crossbow {god gift}
 17122 | Volcano  | Identified the +5 triple crossbow of the Shark {flame, rF+ rN+ Int-4} (Okawaru gifted it to you in a volcano)
 17247 | Lair:1   | Killed a five-headed hydra
 17603 | Lair:2   | Noticed a four-headed hydra
 17611 | Lair:2   | Killed a four-headed hydra
 17611 | Lair:2   | Reached XP level 13. HP: 69/86 MP: 17/20
 17788 | Lair:2   | Reached ****** piety under Okawaru
 17802 | Lair:2   | Received a gift from Okawaru
 18045 | Lair:2   | Found a staircase to the Snake Pit.
 18583 | Lair:3   | Noticed Nergalle
 18608 | Lair:3   | Killed Nergalle
 18716 | Lair:3   | Noticed Urug
 18733 | Lair:3   | Killed Urug
 18733 | Lair:3   | Reached skill level 13 in Fighting
 19557 | Lair:3   | Found a staircase to the Shoals.
 19744 | Lair:3   | Reached skill level 14 in Fighting
 20921 | Lair:4   | Reached skill level 15 in Fighting
 20968 | Lair:4   | Gained mutation: You can fly continuously. [Tengu growth]
 20968 | Lair:4   | Reached XP level 14. HP: 85/98 MP: 21/21
 21003 | Lair:4   | Identified a scroll of acquirement
 21249 | Lair:5   | Received a gift from Okawaru
 21642 | Lair:5   | Reached skill level 16 in Fighting
 22350 | Lair:6   | Entered Level 6 of the Lair of Beasts
 22408 | Lair:6   | Found a staircase to the Slime Pits.
 23568 | Lair:6   | Got a coiled marble ring
 23570 | Lair:6   | Identified the ring "Tadoogiw" {*Drain rN+++ MP+9 SInv} (You found it on level 6 of the Lair of Beasts)
 23813 | Lair:6   | Received a gift from Okawaru
 23816 | Lair:6   | Got an obsidian-encrusted ring mail {god gift}
 24153 | Lair:6   | Got a twisted buckler
 24161 | Lair:6   | Identified the +0 buckler of Theory {rF+} (You found it on level 6 of the Lair of Beasts)
 24184 | Lair:6   | Identified the +3 ring mail "Suaxkiga" {rElec Str+4} (Okawaru gifted it to you on level 6 of the Lair of Beasts)
 24662 | D:9      | Killed Terandir's ghost
 24706 | D:9      | Got a faintly humming cloak
 24735 | D:9      | Identified the cursed -2 cloak of the World {rElec rF+ Dex+3} (You found it on level 9 of the Dungeon)
 25023 | D:12     | Reached skill level 1 in Shields
 25023 | D:12     | Reached XP level 15. HP: 104/106 MP: 19/22
 25146 | D:12     | Reached skill level 17 in Fighting
 25273 | D:13     | You are sucked into a shaft for 2 floors!
 25273 | D:15     | Entered Level 15 of the Dungeon
 25285 | D:15     | Found a labyrinth entrance.
 25297 | Lab      | Entered a labyrinth
 25709 | D:15     | Received a gift from Okawaru
 25720 | D:15     | Reached skill level 5 in Shields
 25722 | D:15     | Got a dazzling hat {god gift}
 25728 | D:15     | Identified the +0 hat "Goze" {rC++ Str+6} (Okawaru gifted it to you on level 15 of the Dungeon)
 25945 | D:15     | Found a staircase to the Depths.
 27174 | D:13     | Found a gate to the Vaults.
 27366 | D:13     | Reached skill level 10 in Shields
 27429 | D:13     | Noticed Maurice
 27442 | D:13     | Killed Maurice
 27757 | Orc:1    | Entered Level 1 of the Orcish Mines
 27843 | Orc:1    | Found Dudaniv's Antique Weapon Boutique.
 27860 | Orc:1    | Found a runed gate.
 27861 | Orc:1    | Found a runed gate.
 27863 | Orc:1    | Noticed leisz's ghost (journeyman DsAK)
 27864 | Orc:1    | Found a runed gate.
 27891 | Orc:1    | Killed leisz's ghost
 27891 | Orc:1    | Reached XP level 16. HP: 111/112 MP: 16/23
 27960 | Orc:2    | Entered Level 2 of the Orcish Mines
 27960 | Orc:2    | Found a staircase to the Elven Halls.
 28092 | Orc:2    | Found Teos's General Store.
 28531 | Orc:2    | Reached skill level 5 in Invocations
 28574 | Orc:2    | Bought a wand of digging (11) for 330 gold pieces
 28574 | Orc:2    | Bought a scroll of identify for 22 gold pieces
 28605 | Orc:2    | Found Qual's Antique Weapon Shoppe.
 28757 | Orc:2    | Found Rikeg's Book Emporium.
 29001 | Orc:2    | Found Piukly's Antique Armour Shop.
 29248 | Orc:1    | Received a gift from Okawaru
 29351 | Orc:1    | Found Midgh's Magic Scroll Boutique.
 29358 | Orc:1    | Bought a scroll of blinking for 127 gold pieces
 29358 | Orc:1    | Bought a scroll of fear for 59 gold pieces
 29358 | Orc:1    | Bought a scroll of blinking for 127 gold pieces
 29358 | Orc:1    | Bought a scroll of blinking for 127 gold pieces
 29358 | Orc:1    | Bought a scroll of blinking for 127 gold pieces
 29358 | Orc:1    | Bought a scroll of summoning for 161 gold pieces
 29358 | Orc:1    | Bought a scroll of enchant weapon for 127 gold pieces
 29358 | Orc:1    | Bought a scroll of identify for 34 gold pieces
 29421 | Orc:1    | Found a roughly hewn altar of Beogh.
 29864 | Orc:1    | Found a roughly hewn altar of Beogh.
 30124 | D:7      | Bought a glowing double sword for 468 gold pieces
 30124 | D:7      | Bought a square jade amulet for 130 gold pieces
 30208 | Snake:1  | Entered Level 1 of the Snake Pit
 30598 | Snake:1  | Noticed Agnes
 30605 | Snake:1  | Killed Agnes
 31354 | Snake:1  | You are sucked into a shaft!
 31372 | Snake:2  | Received a gift from Okawaru
 31412 | Snake:2  | Reached skill level 10 in Long Blades
 31453 | Snake:2  | Identified the ring "Akkap" {rF+ rC+ Int-2 SInv Stlth+} (You found it on level 2 of the Snake Pit)
 31656 | Snake:2  | Found Kamavaor's Armour Shop.
 31704 | Snake:2  | Reached XP level 17. HP: 110/117 MP: 22/24
 32205 | Snake:3  | Received a gift from Okawaru
 33288 | Snake:4  | Entered Level 4 of the Snake Pit
 33899 | Snake:4  | Found an iron altar of Okawaru.
 34006 | Snake:4  | Received a gift from Okawaru
 34381 | Snake:4  | Reached skill level 1 in Charms
 34769 | Snake:4  | Reached skill level 15 in Shields
 35237 | Snake:4  | Reached XP level 18. HP: 123/123 MP: 21/25
 35885 | Snake:4  | Got a serpentine rune of Zot
 36529 | Depths:1 | Entered Level 1 of the Depths
 36543 | Depths:1 | Received a gift from Okawaru
 38137 | Depths:1 | Paralysed by a great orb of eyes for 2 turns
 38548 | Snake:2  | Bought the cursed +0 cloak of the Jabberwock {MR+ Str+4} for 337 gold pieces
 39192 | Depths:1 | Got a spiked crystal plate armour {god gift}
 39203 | Depths:1 | Found a one-way gate to the infinite horrors of the Abyss.
 39237 | Depths:1 | Received a gift from Okawaru
 39459 | Depths:1 | Reached skill level 15 in Dodging
 39483 | Depths:1 | Found a gateway to Hell.
 39610 | Depths:1 | Identified the +6 crystal plate armour of the Good {rCorr Str+2 Dex-3} (Okawaru gifted it to you on level 1 of the Depths)
 39764 | Depths:2 | Noticed Nikola
 39777 | Depths:2 | Killed Nikola
 39777 | Depths:2 | Reached XP level 19. HP: 99/130 MP: 26/26
 39785 | Depths:2 | Got a pair of transparent gloves
 39791 | Depths:2 | Identified the cursed +0 pair of gloves "Hero's Friend" {Dex+4} (You took it off Nikola on level 2 of the Depths)
 39952 | Depths:2 | Reached skill level 18 in Fighting
 39970 | Depths:2 | Received a gift from Okawaru
 39982 | Depths:2 | Got a pair of ancient gloves {god gift}
 39993 | Depths:2 | Identified the +2 pair of gloves "Ropnemy" {rF- rN+ Str+8} (Okawaru gifted it to you on level 2 of the Depths)
 40067 | Depths:2 | Paralysed by a floating eye for 4 turns
 40071 | Depths:2 | HP: 4/130 [titan/the air (33)]
 40618 | Depths:2 | Got a polished long sword
 40621 | Depths:2 | Identified the +6 long sword of Oozing Pus {chaos, Fragile rF+ Int+3} (You found it on level 2 of the Depths)
 40666 | Depths:2 | Noticed a caustic shrike
 40671 | Depths:2 | Killed a caustic shrike
 40764 | Depths:2 | Noticed a lich
 40773 | Depths:2 | Killed a lich
 40786 | Depths:2 | Reached skill level 5 in Evocations
 40979 | Depths:2 | Got a translucent scimitar
 40982 | Depths:2 | Identified the cursed +2 scimitar "Siylen" {drain, Int+7} (You found it on level 2 of the Depths)
 41118 | Depths:2 | Noticed a juggernaut
 41131 | Depths:2 | Killed a juggernaut
 41131 | Depths:2 | Received a gift from Okawaru
 41197 | Depths:2 | Got an ancient crystal plate armour {god gift}
 41209 | Depths:2 | Identified the +20 crystal plate armour of Incorporation {rC+ Int-3 Stlth+} (Okawaru gifted it to you on level 2 of the Depths)
 41242 | Depths:2 | Identified the Handbook of Kismet
 41852 | Depths:3 | Noticed a Brimstone Fiend
 41864 | Depths:3 | Found a gateway to a ziggurat.
 41877 | Depths:3 | Reached XP level 20. HP: 132/137 MP: 27/27
 42319 | Depths:3 | Reached skill level 19 in Fighting
 42596 | Depths:3 | Received a gift from Okawaru
 43151 | Depths:3 | Found a one-way gate leading to the halls of Pandemonium.
 43666 | Depths:4 | Noticed a lich
 43673 | Depths:4 | Received a gift from Okawaru
 43676 | Depths:4 | Killed a lich
 44809 | Depths:4 | Reached skill level 20 in Fighting
 44813 | Depths:4 | Received a gift from Okawaru
 44814 | Depths:4 | Found the +8 demon blade "Bloodbane" {slice, *Rage +Rage Stlth-}
 44907 | Depths:4 | Reached XP level 21. HP: 115/147 MP: 18/28
 45052 | Depths:4 | Noticed a juggernaut
 45131 | Depths:4 | Noticed a caustic shrike
 45134 | Depths:4 | Killed a juggernaut
 45134 | Depths:4 | Received a gift from Okawaru
 45142 | Depths:4 | Killed a caustic shrike
 45142 | Depths:4 | Reached skill level 21 in Fighting
 45734 | Depths:4 | Found Oroawa's Armour Shop.
 45896 | Depths:4 | Found a runed gate.
 45896 | Depths:4 | Found a runed gate.
 45896 | Depths:4 | Found a runed gate.
 45897 | Depths:4 | Noticed Gucsao's ghost (veteran GrGl)
 45899 | Depths:4 | Noticed an ancient lich
 45899 | Depths:4 | Noticed an ancient lich
 46405 | Depths:4 | Got a diamond-encrusted scale mail
 46416 | Depths:4 | Identified the cursed +1 scale mail of Shielding {+Fly rElec Dex-4 SInv} (You found it on level 4 of the Depths)
 46607 | Depths:5 | Entered Level 5 of the Depths
 47031 | Depths:5 | Noticed the Enchantress
 47034 | Depths:5 | Reached skill level 22 in Fighting
 47046 | Depths:4 | Killed the Enchantress
 47048 | Depths:4 | Got faerie dragon scales
 47059 | Depths:4 | Identified the +3 faerie dragon scales {rElec rCorr} (You took it off the Enchantress on level 4 of the Depths)
 47401 | Depths:5 | Found a shattered altar of Ashenzari.
 48084 | Depths:5 | Found a gate to the Realm of Zot.
 48084 | Depths:5 | Noticed a golden dragon
 48316 | Depths:5 | Reached XP level 22. HP: 121/156 MP: 27/29
 48334 | Depths:5 | Noticed a juggernaut
 48357 | Depths:5 | Killed a juggernaut
 48953 | Depths:5 | Reached skill level 15 in Long Blades
 49087 | Depths:5 | Received a gift from Okawaru
 49737 | Depths:5 | Killed a golden dragon
 50432 | Depths:2 | Got a fine chain mail
 50443 | Depths:2 | Identified the +1 chain mail "Hiteupn" {+Fly MP+9 Int-4} (You found it on level 2 of the Depths)
 50772 | Slime:1  | Entered Level 1 of the Pits of Slime
 51022 | Slime:4  | Was placed under penance by Okawaru
 51095 | Slime:4  | Was forgiven by Okawaru
 51442 | Slime:3  | Learned a level 1 spell: Summon Butterflies
 51445 | Slime:3  | Learned a level 2 spell: Blink
 51457 | Slime:4  | Gained mutation: You tend to lose your temper in combat. [a shining eye]
 51463 | Slime:5  | Entered Level 5 of the Pits of Slime
 51624 | Slime:5  | Noticed the Royal Jelly
 51627 | Slime:5  | Received a gift from Okawaru
 51633 | Slime:5  | Killed the Royal Jelly
 51633 | Slime:5  | Reached skill level 15 in Armour
 52503 | Slime:5  | Reached XP level 23. HP: 150/162 MP: 30/30
 52541 | Slime:5  | Found the +5 scythe "Finisher" {speed, Str+3}
 52541 | Slime:5  | Found the +15 Maxwell's patent armour {-Cast -Tele rElec MR+ rCorr}
 52596 | Slime:5  | Got a slimy rune of Zot
 52637 | Slime:5  | Identified the cursed +0 leather armour "Tiunawurphu" {-Tele +Inv rC++ Int+2} (You found it on level 5 of the Pits of Slime)
 52656 | Slime:5  | Got a pitted shield
 52663 | Slime:5  | Identified the +5 shield of Pan-Flutes {+Fly Str+3} (You found it on level 5 of the Pits of Slime)
 52869 | Shoals:1 | Entered Level 1 of the Shoals
 53096 | Shoals:4 | Entered Level 4 of the Shoals
 53183 | Shoals:4 | Got a barnacled rune of Zot
 53280 | Shoals:4 | Found Anlar's Jewellery Emporium.
 53286 | Shoals:4 | Received a gift from Okawaru
 53497 | Shoals:4 | Noticed Polyphemus
 53510 | Shoals:4 | Killed Polyphemus
 53710 | Shoals:4 | Noticed Kirke
 53725 | Shoals:4 | Killed Kirke
 54383 | Shoals:3 | Reached skill level 23 in Fighting
 55046 | Shoals:2 | Identified the Compendium of Displaced Flames
 56255 | Elf:1    | Entered Level 1 of the Elven Halls
 56367 | Elf:1    | Found a portal to a secret trove of treasure.
 56417 | Elf:1    | Identified the Grimoire of Conjuration
 56605 | Elf:1    | Received a gift from Okawaru
 56715 | Elf:1    | Found Igruof's Book Emporium.
 57618 | Zot:1    | Entered Level 1 of the Realm of Zot
 57638 | Depths:5 | Lost mutation: You tend to lose your temper in combat. [potion of mutation]
 57638 | Depths:5 | Gained mutation: You are somewhat resistant to further mutation. [potion of mutation]
 57710 | Depths:4 | Bought a +0 hat of magic resistance for 209 gold pieces
 57829 | Zot:1    | Got a warped lead ring
 57831 | Zot:1    | Identified the ring "Gopolel" {+Inv rF+ MR+ Str+5 SInv} (You acquired it on level 1 of the Realm of Zot)
 57892 | Zot:1    | Reached XP level 24. HP: 171/172 MP: 30/30
 58586 | Zot:3    | Noticed a curse toe
 58630 | Zot:3    | Killed a curse toe
 58957 | Zot:3    | Received a gift from Okawaru
 59325 | Zot:3    | Reached skill level 24 in Fighting
 59696 | Zot:5    | Entered Level 5 of the Realm of Zot
 59883 | Zot:5    | Found a runed door.
 59888 | Zot:5    | Found the +9 staff of Olgreb {rPois}
 59888 | Zot:5    | Noticed HaroldButt's ghost (legendary DDFi)
 60288 | Zot:5    | Noticed an ancient lich
 60302 | Zot:5    | Killed an ancient lich
 60314 | Zot:5    | Noticed a Killer Klown
 60321 | Zot:5    | Received a gift from Okawaru
 60342 | Zot:5    | Killed a Killer Klown
 60342 | Zot:5    | Reached XP level 25. HP: 146/180 MP: 31/31
 60434 | Zot:5    | Noticed an ancient lich
 60447 | Zot:5    | Killed an ancient lich
 60448 | Zot:5    | Noticed an ancient lich
 60467 | Zot:5    | Killed an ancient lich
 60494 | Zot:5    | Reached skill level 10 in Evocations
 60513 | Zot:5    | Noticed a Killer Klown
 60519 | Zot:5    | Killed a Killer Klown
 60553 | Zot:5    | Noticed an orb of fire
 60556 | Zot:5    | Received a gift from Okawaru
 60571 | Zot:5    | Gained mutation: You tend to lose your temper in combat. [an orb of fire]
 60573 | Zot:5    | Killed an orb of fire
 60726 | Zot:5    | Noticed an ancient lich
 60734 | Zot:5    | Killed an ancient lich
 60982 | Zot:5    | Noticed an orb of fire
 60994 | Zot:5    | Killed an orb of fire
 61006 | Zot:5    | Reached skill level 25 in Fighting
 61298 | Zot:5    | Got the Orb of Zot
 61859 | D:$      | Escaped with the Orb!

Skill      XL: |  1  2  3  4  5  6  7  8  9 10 11 12 13 14 15 16 17 18 19 20 21 22 23 24 25 |
---------------+----------------------------------------------------------------------------+-----
Fighting       | 1 2 3 4 6 8 9 12 15 16 17 18 20 22 23 24 25 | 25.1
Necromancy     | 3 4 5 7 |  7.0
Short Blades   | 1 2 |  2.2
Dodging        | 1 2 4 5 6 8 11 12 13 14 15 16 18 19 | 19.5
Invocations    | 2 3 4 7 8 |  8.0
Long Blades    | 1 2 4 6 7 11 12 13 14 15 | 15.9
Spellcasting   | 4 |  4.1
Armour         | 4 7 10 11 15 16 17 | 17.8
Evocations     | 2 6 7 9 11 | 11.0
Shields        | 1 10 12 15 | 15.0
Charms         | 1 2 |  2.0
Stealth        | |  1.0
Summonings     | |  2.4
Poison Magic   | |  2.0

Action                   |  1- 3 |  4- 6 |  7- 9 | 10-12 | 13-15 | 16-18 | 19-21 | 22-24 | 25-27 || total
-------------------------+-------+-------+-------+-------+-------+-------+-------+-------+-------++-------
Melee: Dagger            |     9 |    93 |    79 |       |       |       |       |       |       ||   181
       Kick              |     7 |    31 |   136 |   263 |   806 |   598 |   516 |   718 |    98 ||  3173
       Short sword       |    28 |       |       |       |       |       |       |       |       ||    28
       Peck              |     2 |    16 |    71 |   167 |   527 |   357 |   328 |   454 |    61 ||  1983
       Long sword        |       |       |   266 |   579 |  1302 |   252 |       |       |       ||  2399
       Punch             |       |       |     5 |    14 |    16 |       |       |       |       ||    35
       Rapier            |       |       |       |    10 |    25 |       |       |       |       ||    35
       Double sword      |       |       |       |       |       |   860 |   860 |  1210 |   185 ||  3115
 Fire: Hunting sling     |    12 |    37 |       |       |       |       |       |       |       ||    49
       Arbalest          |       |     6 |       |       |       |       |       |       |       ||     6
Throw: Stone             |       |       |     2 |       |       |       |       |       |       ||     2
       Tomahawk          |       |       |       |     1 |    17 |       |       |       |       ||    18
       Javelin           |       |       |       |       |     3 |       |       |       |       ||     3
       Throwing net      |       |       |       |       |       |       |       |     1 |       ||     1
 Cast: Pain              |    50 |    23 |     1 |       |       |       |       |       |       ||    74
       Animate Skeleton  |     8 |     4 |    18 |    22 |    58 |    47 |    16 |     1 |       ||   174
       Regeneration      |       |       |     1 |       |       |     7 |    18 |     1 |       ||    27
       Animate Dead      |       |       |       |       |       |     5 |    12 |     1 |       ||    18
Invok: Heroism           |       |       |    12 |    30 |    48 |    44 |    38 |    29 |     3 ||   204
       Finesse           |       |       |       |       |     2 |       |     1 |     2 |       ||     5
 Abil: Fly               |       |       |     2 |     7 |     6 |       |       |       |       ||    15
Evoke: Wand              |       |     3 |    10 |    15 |    28 |     7 |     2 |    15 |       ||    80
       Phial of floods   |       |       |       |       |       |       |       |     1 |       ||     1
  Use: Scroll            |       |     3 |    11 |    11 |    18 |    18 |     8 |    21 |     1 ||    91
       Potion            |       |     4 |       |     2 |     1 |     1 |     9 |     6 |     5 ||    28
 Stab: Sleeping          |     1 |     3 |     4 |     3 |     5 |     1 |     3 |       |       ||    20
       Paralysed         |       |     1 |     1 |       |     5 |       |       |       |       ||     7
       Distracted        |       |       |       |     3 |     7 |    10 |     2 |     2 |     1 ||    25
  Eat: Chunk             |     8 |     8 |     9 |    17 |    18 |    12 |     4 |    12 |       ||    88
       Ration            |       |     1 |     2 |     2 |     5 |     8 |     8 |     9 |     1 ||    36
Armor: Robe              |    21 |    14 |    44 |    20 |       |       |       |       |       ||    99
       Skin              |       |     1 |       |       |       |       |       |       |       ||     1
       Steam dragon scal |       |       |       |    83 |    94 |       |       |       |       ||   177
       Leather armour    |       |       |       |     1 |       |       |       |       |       ||     1
       Ring mail         |       |       |       |       |    33 |   110 |    56 |       |       ||   199
       Acid dragon scale |       |       |       |       |       |       |     8 |    12 |       ||    20
       Crystal plate arm |       |       |       |       |       |       |       |   256 |    31 ||   287
Dodge: Dodged            |    48 |    49 |   153 |   315 |   797 |   666 |   449 |   458 |    72 ||  3007
Block: Other             |       |       |    31 |    59 |   103 |       |       |       |       ||   193
       Reflection        |       |       |     1 |     1 |    21 |   126 |    46 |    86 |       ||   281
       Shield            |       |       |       |       |   247 |  1004 |   648 |  1100 |   155 ||  3154
       Rpst.: Long sword |       |       |    39 |    84 |   224 |    27 |       |       |       ||   374
       Double sword      |       |       |       |       |       |   104 |    75 |    75 |     3 ||   257
